 Dungeon Crawl Stone Soup version 0.13.0-3-g966e3ec (webtiles) character file.

2908 Lilouch the Basher (level 9, 0/52 HPs)
             Began as a Gargoyle Fighter on Oct 13, 2013.
             Was a Follower of Okawaru.
             Slain by Mortschlag's ghost (8 damage)
             ... in a bailey.
             The game lasted 00:28:02 (5506 turns).

Lilouch the Basher (Gargoyle Fighter)               Turns: 5506, Time: 00:28:02

HP   0/52        AC 19     Str 23      XL: 9   Next: 56%
MP   8/8         EV  9     Int  9      God: Okawaru [*.....]
Gold 356         SH 26     Dex  9      Spells:  0 memorised,  8 levels left

Res.Fire  : x . .   See Invis. : .   x - +0,-1 flail
Res.Cold  : + + .   Warding    : .   k - -1 ice dragon armour (curse)
Life Prot.: + . .   Conserve   : .   c - +0 shield
Res.Poison: +       Res.Corr.  : .   Q - -1 wizard hat {MR+}
Res.Elec. : +       Clarity    : .   V - +0 cloak
Sust.Abil.: . .     Spirit.Shd : .   (no gloves)
Res.Mut.  : .       Stasis     : .   (no boots)
Res.Rott. : +       Flight     : .   (no amulet)
Saprovore : . . .                    (no ring)
                                     (no ring)

@: heroism, somewhat resistant to hostile enchantments, very unstealthy
A: fangs 1, talons 2, life protection 1, electricity resistance, slow metabolism
1, unbreathing, petrification resistance, AC +5
a: Heroism, Renounce Religion


You were in a bailey.
You worshipped Okawaru.
Okawaru was aware of your devotion.
You were not hungry.

You visited 2 branches of the dungeon, and saw 8 of its levels.
You also visited: Bailey.

You collected 451 gold pieces.
You spent 115 gold pieces at shops.

Inventory:

Hand weapons
 x - a +0,-1 flail (weapon)
 X - the +4,+7 scimitar of Charity {flame, rF+ rC++ Dex-2, unknown}
   (You found it on level 7 of the Dungeon)

   It emits flame when wielded, causing extra injury to most foes and up to
   double damage against particularly susceptible opponents.
   Big, fiery blades are also staple armaments of hydra-hunters.
   It affects your dexterity (-2).
   It protects you from fire.
   It greatly protects you from cold.
Missiles
 a - 13 poisoned needles
 e - 90 stones (quivered)
 M - 20 sling bullets
 O - 2 needles of confusion
Armour
 c - a +0 shield (worn)
 k - a cursed -1 ice dragon armour (worn)
 F - the +2 leather armour of Prab {Dex+5 Int-3 Acc-2, unknown}
   (You found it on level 4 of the Dungeon)

   It affects your intelligence (-3).
   It affects your dexterity (+5).
   It affects your accuracy (-2).
 N - a +0 helmet
 Q - a -1 wizard hat of magic resistance (worn)
 V - a +0 cloak (worn)
Magical devices
 L - a wand of digging (12)
 T - a wand of disintegration (19) {unknown}
Comestibles
 d - 5 bread rations
 g - 3 pears
 h - 4 meat rations
 i - an apple
 Y - a rotting chunk of hound flesh
Scrolls
 j - 2 scrolls of curse jewellery {unknown}
 m - a scroll of remove curse {unknown}
 o - 3 scrolls of noise {unknown}
 p - a scroll of recharging {unknown}
 q - 3 scrolls of teleportation {unknown}
 u - 2 scrolls of random uselessness {unknown}
 v - 2 scrolls of magic mapping {unknown}
 w - a scroll of blinking {unknown}
 y - 2 scrolls of enchant armour {unknown}
 z - 3 scrolls of enchant weapon I {unknown}
 A - 2 scrolls of enchant weapon II
 D - 3 scrolls of curse weapon {unknown}
 E - 6 scrolls of identify
 G - 2 scrolls of fear {unknown}
 J - a scroll of summoning {unknown}
Jewellery
 t - an uncursed amulet of the gourmand
 H - an uncursed ring of ice {unknown}
 I - an uncursed ring of sustenance {unknown}
 P - an uncursed ring of protection from cold {unknown}
 S - an uncursed amulet of inaccuracy {unknown}
 U - the ring "Pseluo" {rC+ Acc+5 Dam+5, unknown}
   (You found it on level 7 of the Dungeon)

   [ring of slaying]

   It affects your accuracy (+5).
   It affects your damage-dealing abilities (+5).
   It protects you from cold.
 Z - an uncursed ring of poison resistance {unknown}
Potions
 b - 4 potions of curing {unknown}
 f - 4 potions of heal wounds {unknown}
 l - 2 potions of restore abilities {unknown}
 n - 5 potions of agility {unknown}
 r - a potion of brilliance {unknown}
 s - a potion of poison {unknown}
 B - 2 potions of invisibility {unknown}
 C - 3 potions of confusion {unknown}
 R - 2 potions of berserk rage {unknown}
Books
 K - a book of Maledictions

   Spells                             Type                      Level
   Corona                             Hexes                        1
   Sure Blade                         Hexes/Charms                 2
   Ensorcelled Hibernation            Hexes/Ice                    2
   Confuse                            Hexes                        3
   Enslavement                        Hexes                        4
   Invisibility                       Hexes                        6


   Skills:
 - Level 3.2(8.2) Fighting
 * Level 10.0(15.0) Maces & Flails
 + Level 7.7(12.7) Armour
 + Level 7.6(12.6) Shields


You had 8 spell levels left.
You didn't know any spells.

Dungeon Overview and Level Annotations

Branches:
Dungeon (7/27)             Temple (1/1) D:6             Orc (0/4) D:7

Altars:
Elyvilon
Fedhas
Kikubaaqudgha
Nemelex Xobeh
Okawaru
Vehumet
Yredelemnul
the Shining One

Shops:
D:7 ?[(=/

Annotations:
D:6 exclusion: oklob plant Bailey Mortschlag's ghost, experienced GrFi


Innate Abilities, Weirdness & Mutations

You are resistant to torment.
You are immune to poison.
Your stone body is very resilient (AC +5).
You have very sharp teeth.
You have razor-sharp toenails.
You resist negative energy.
You are resistant to electric shocks.
You have a slow metabolism.
You can survive without breathing.
You are immune to petrification.


Message History

You hit Mortschlag's ghost. Your bite misses Mortschlag's ghost.
Mortschlag's ghost is heavily damaged.
Mortschlag's ghost hits you but does no damage.
You hit Mortschlag's ghost but do no damage.
You claw Mortschlag's ghost, but do no damage.
You bite Mortschlag's ghost, but do no damage.
Mortschlag's ghost is heavily damaged.
You block Mortschlag's ghost's attack.
You hit Mortschlag's ghost.
You claw Mortschlag's ghost, but do no damage.
Mortschlag's ghost is heavily damaged.
You hit Mortschlag's ghost but do no damage.
You claw Mortschlag's ghost, but do no damage.
Mortschlag's ghost is heavily damaged.
You block Mortschlag's ghost's attack.
You hit Mortschlag's ghost but do no damage.
Your bite misses Mortschlag's ghost.
Mortschlag's ghost is heavily damaged.
Mortschlag's ghost hits you!
You die...

#######
##.....##
#...∩...#
#......@#
##..∩.p##
##'''## #≈)≈#
#'')#
#≈.......≈#
#≈≈.......≈≈#
.K≈≈.......≈≈K.+
#≈≈.......≈≈###


You could see Mortschlag's ghost.

Vanquished Creatures
  Prince Ribbit (D:7)
  A hippogriff (D:7)
  2 orc warriors (D:7)
  A sky beast (D:6)
  3 phantoms
  An ogre (D:7)
  4 giant goldfish (D:6)
  Duvessa (D:5)
  3 giant frogs
  2 electric eels (D:6)
  A jellyfish (D:6)
  2 crimson imps
  Dowan (D:5)
  An orc priest (D:7)
  3 hounds
  2 jellies (D:7)
  3 iguanas
  4 orc wizards
  2 scorpions
  A big kobold skeleton (D:7)
  4 adders
  4 gnolls
  A giant mite (D:2)
  An inept item mimic (D:7)
  2 worms
  An adder skeleton (D:7)
  6 giant geckos
  2 oozes
  13 orcs
  3 ball pythons
  A bat skeleton (D:7)
  6 giant cockroaches
  13 goblins
  12 hobgoblins
  5 quokkas
  A ball python skeleton (D:4)
  13 bats
  A giant gecko zombie (D:6)
  4 giant newts
  6 jackals
  10 kobolds
  5 rats
  2 ballistomycetes (D:5)
155 creatures vanquished.

Vanquished Creatures (others)
  A giant spore (D:5)
1 creature vanquished.

Grand Total: 156 creatures vanquished

Notes
Turn   | Place    | Note
--------------------------------------------------------------
     0 | D:1      | Lilouch, the Gargoyle Fighter, began the quest for the Orb.
     0 | D:1      | Reached XP level 1. HP: 14/14 MP: 0/0
   206 | D:1      | Reached XP level 2. HP: 14/19 MP: 1/1
   511 | D:1      | Reached XP level 3. HP: 24/24 MP: 2/2
  1132 | D:2      | Reached XP level 4. HP: 28/28 MP: 3/3
  1398 | D:2      | Reached skill level 4 in Maces & Flails
  1720 | D:3      | Reached XP level 5. HP: 25/33 MP: 4/4
  2276 | D:4      | Got a faintly humming leather armour
  2478 | D:4      | Reached skill level 5 in Maces & Flails
  2512 | D:4      | Noticed an orc warrior
  2534 | D:5      | Entered Level 5 of the Dungeon
  2571 | D:5      | Reached XP level 6. HP: 29/38 MP: 5/5
  2602 | D:5      | Noticed Duvessa
  2602 | D:5      | Noticed Dowan
  2627 | D:5      | Killed Dowan
  2640 | D:5      | Killed Duvessa
  2864 | D:5      | Noticed a phantom
  2897 | D:5      | Killed a phantom
  2897 | D:5      | Reached skill level 6 in Maces & Flails
  2897 | D:5      | Reached skill level 5 in Armour
  2897 | D:5      | Reached XP level 7. HP: 39/42 MP: 6/6
  3008 | D:5      | Reached skill level 5 in Shields
  3383 | D:6      | Found a sparkling altar of Nemelex Xobeh.
  3434 | D:6      | Reached skill level 7 in Maces & Flails
  3466 | D:6      | Reached XP level 8. HP: 29/48 MP: 7/7
  3698 | D:6      | Reached skill level 8 in Maces & Flails
  3740 | D:6      | Found an ancient bone altar of Kikubaaqudgha.
  3740 | D:6      | Noticed an oklob plant
  4029 | D:6      | Found an iron altar of Okawaru.
  4029 | D:6      | Found a white marble altar of Elyvilon.
  4037 | D:6      | Became a worshipper of Warmaster Okawaru
  4096 | D:6      | Found a staircase to the Ecumenical Temple.
  4107 | Temple   | Entered the Ecumenical Temple
  4485 | D:7      | Got a shimmering golden ring
  4545 | D:7      | Found a staircase to the Orcish Mines.
  4594 | D:7      | Reached skill level 9 in Maces & Flails
  4594 | D:7      | Reached XP level 9. HP: 29/52 MP: 8/8
  4687 | D:7      | Acquired Okawaru's first power
  4695 | D:7      | Found Opeap's Jewellery Shoppe.
  4699 | D:7      | Found Ruzouwie's Magical Wand Emporium.
  4803 | D:7      | Found Cigaps' Armour Boutique.
  4804 | D:7      | Found Shaedwav's Weapon Shoppe.
  4847 | D:7      | Noticed Prince Ribbit
  4848 | D:7      | Found Schefim's Magic Scroll Shop.
  5166 | D:7      | Killed Prince Ribbit
  5236 | D:7      | Got a warped scimitar
  5261 | D:7      | Bought a scroll of identify for 20 gold pieces
  5261 | D:7      | Bought a scroll of identify for 20 gold pieces
  5261 | D:7      | Bought a scroll of identify for 20 gold pieces
  5261 | D:7      | Bought a scroll of enchant weapon II for 55 gold pieces
  5302 | D:7      | Reached skill level 10 in Maces & Flails
  5359 | D:7      | Found a flagged portal.
  5458 | Bailey   | Entered a bailey
  5465 | Bailey   | Noticed Mortschlag's ghost (experienced GrFi)
  5506 | Bailey   | Slain by Mortschlag's ghost

Action                   |  1- 3 |  4- 6 |  7- 9 || total
-------------------------+-------+-------+-------++-------
Melee: Mace              |    18 |       |       ||    18
       Flail             |    64 |   219 |   352 ||   635
Invok: Heroism           |       |       |     2 ||     2
